 Dungeon Crawl Stone Soup version 0.23.0 (webtiles) character file.

Game seed: 10903042569025605449

147877 MalarOregon the Impaler (level 17, -2/234 HPs)
             Began as a Merfolk Gladiator on Feb 18, 2019.
             Was an Initiate of Gozag.
             Slain by a spark wasp (5 damage)
             ... on level 2 of the Spider Nest.
             The game lasted 01:25:49 (39259 turns).

MalarOregon the Impaler (Merfolk Gladiator)        Turns: 39259, Time: 01:25:50

Health: -2/234     AC: 19    Str: 14    XL:     17   Next: 47%
Magic:  29/29      EV:  2    Int: 15    God:    Gozag
Gold:   3364       SH: 35    Dex: 17    Spells: 17/32 levels left

rFire    + + .     SeeInvis +   E - +6 trident (freeze)
rCold    . . .     Gourm    .   Q - +18 shield of the Gong {rElec rN+ MR+ EV-5}
rNeg     + + +     Faith    .   (armour currently unavailable)
rPois    +         Spirit   .   (helmet currently unavailable)
rElec    +         Reflect  +   (cloak currently unavailable)
rCorr    .         Harm     .   (gloves currently unavailable)
MR       ++...     NoTele   +   (boots currently unavailable)
Stlth    ++........             L - amulet of Revawig {Reflect -Tele rElec rF++ Int+2 SH+4}
HPRegen  0.49/turn              z - ring of see invisible
MPRegen  0.21/turn              b - +3 ring of protection

@: tree-form, corroded, gold aura
A: (change form in water), (swift swim), (stealthy swim), robust 1
a: Potion Petition, Call Merchant, Bribe Branch, Renounce Religion


You were on level 2 of the Spider Nest.
You worshipped Gozag.
Gozag was most pleased with you.
You were not hungry.
You were a tree.
You visited 5 branches of the dungeon, and saw 27 of its levels.

You collected 9885 gold pieces.
You spent 6460 gold pieces at shops.
You paid 61 gold pieces to Gozag.

Inventory:

Hand Weapons
 v - the +4 dagger "Morg" {pain, MR+ Int+5}
   (You bought it in a shop on level 1 of the Orcish Mines)

   In the hands of one skilled in necromantic magic, it inflicts extra damage on
   living creatures.
   It affects your intelligence (+5).
   It affects your resistance to hostile enchantments.
 E - a +6 trident of freezing (weapon)
   (You found it on level 12 of the Dungeon)
 U - a +0 demon whip of venom
   (You bought it in a shop on level 1 of the Orcish Mines)
Missiles
 X - 2 throwing nets (quivered) {!f}
Armour
 h - a +2 cloak (melded)
   (You took it off Crazy Yiuf on level 3 of the Dungeon)
 j - a +0 helmet (melded)
 D - a +2 pair of gloves (melded)
   (You found it on level 8 of the Dungeon)
 G - a +0 pair of boots (melded)
   (You found it on level 1 of the Lair of Beasts)
 I - a +7 chain mail of poison resistance (melded)
   (You found it on level 11 of the Dungeon)
 Q - the +18 shield of the Gong (worn) {rElec rN+ MR+ EV-5}
   (You bought it in a shop on level 12 of the Dungeon)

   It affects your evasion (-5).
   It insulates you from electricity.
   It protects you from negative energy.
   It affects your resistance to hostile enchantments.
Jewellery
 b - a +3 ring of protection (right branch)
   (You found it on level 1 of the Lair of Beasts)
 f - an uncursed ring of positive energy
   (You found it on level 2 of the Dungeon)
 i - an uncursed ring of protection from fire
   (You found it on level 2 of the Dungeon)
 y - an uncursed ring of resist corrosion
   (You found it on level 7 of the Dungeon)
 z - a ring of see invisible (left branch)
   (You bought it in a shop on level 2 of the Orcish Mines)
 F - a +4 ring of slaying
   (You found it on level 11 of the Dungeon)
 L - the amulet of Revawig (around neck) {Reflect -Tele rElec rF++ Int+2 SH+4}
   (You found it on level 6 of the Lair of Beasts)

   [amulet of reflection]

   It shields you and reflects attacks.
   It affects your intelligence (+2).
   It greatly protects you from fire.
   It insulates you from electricity.
   It prevents most forms of teleportation.
   It affects your SH (+4).
Wands
 c - a wand of disintegration (13)
   (You found it on level 15 of the Dungeon)
 t - a wand of flame (18)
   (You found it on level 2 of the Spider Nest)
 u - a wand of paralysis (17)
   (You found it on level 5 of the Lair of Beasts)
 x - a wand of acid (5)
   (You found it on level 2 of the Lair of Beasts)
 K - a wand of clouds (1)
   (You took it off Maurice on level 2 of the Orcish Mines)
 W - a wand of polymorph (10)
   (You found it on level 15 of the Dungeon)
Scrolls
 d - 17 scrolls of remove curse {@r2}
 k - 5 scrolls of magic mapping
 o - 7 scrolls of blinking
 s - 12 scrolls of teleportation {@r4}
 A - 12 scrolls of identify {@r1}
 C - 3 scrolls of immolation {!r}
 M - 4 scrolls of silence
 P - 4 scrolls of fog
 V - 6 scrolls of fear
 Z - 2 scrolls of enchant weapon
Potions
 a - 2 potions of cancellation
 g - 2 potions of ambrosia
 l - 2 potions of haste {@q3}
 m - 2 potions of might
 n - 6 potions of brilliance
 p - 6 potions of magic
 q - 10 potions of curing {@q1}
 r - 3 potions of mutation {!q}
 B - 2 potions of resistance
 J - 3 potions of berserk rage
 O - 2 potions of flight {unknown}
 S - 2 potions of agility
Miscellaneous
 T - a phantom mirror
Comestibles
 e - 20 rations {!d}


   Skills:
 - Level 15.0 Fighting
 - Level 16.0 Polearms
 - Level 7.0 Throwing
 - Level 6.0 Armour
 - Level 14.0 Dodging
 - Level 15.0 Shields
 - Level 8.0 Spellcasting
 + Level 7.0 Necromancy
 - Level 8.0 Evocations


You had 17 spell levels left.
You knew the following spells:

 Your Spells              Type           Power        Failure   Level  Hunger
a - Agony                 Necr           ####....     19%         5    #####..
b - Excruciating Wounds   Chrm/Necr      ###.......   61%         5    #####..
d - Dispel Undead         Necr           ####....     19%         5    #####..

Your spell library contained the following spells:

 Spells                   Type           Power        Failure   Level  Hunger
 Corpse Rot               Necr           N/A          1%          2    None
 Sublimation of Blood     Necr           ####......   1%          2    None
 Corona                   Hex            #......      12%         1    None
 Freeze                   Ice            #...         12%         1    None
 Slow                     Hex            #.......     19%         2    None
 Throw Frost              Conj/Ice       #.....       19%         2    None
 Ignite Poison            Fire/Tmut/Pois #.......     34%         3    ##.....
 Inner Flame              Hex/Fire       #.......     34%         3    ##.....
 Ozocubu's Armour         Chrm/Ice       #.......     34%         3    ##.....
 Portal Projectile        Hex/Tloc       #.....       34%         3    ##.....
 Bolt of Draining         Conj/Necr      ###.......   61%         5    #####..
 Cause Fear               Hex            #.........   75%         4    ####...
 Leda's Liquefaction      Hex/Erth       #.........   75%         4    ####...
 Summon Ice Beast         Ice/Summ       #.......     75%         4    ####...
 Throw Icicle             Conj/Ice       #.......     75%         4    ####...
 Fireball                 Conj/Fire      #.........   97%         5    #####..
 Bolt of Fire             Conj/Fire      #.........   100%        6    #######
 Ring of Flames           Chrm/Fire      #.........   100%        7    #######
 Ignition                 Fire           #.........   100%        8    #######


Dungeon Overview and Level Annotations

Branches:
Dungeon (15/15)            Temple (1/1) D:5            Lair (6/6) D:11
 Shoals (0/4) Lair:4       Spider (3/4) Lair:4        Slime (0/5) Lair:5
    Orc (2/2) D:12            Elf (0/3) Orc:2        Vaults (0/5) D:13
 Depths (0/5) D:15

Altars:
Ashenzari
Cheibriados
Dithmenos
Elyvilon
Fedhas
Gozag
Hepliaklqana
Kikubaaqudgha
Makhleb
Nemelex Xobeh
Okawaru
Qazlal
Ru
Sif Muna
Trog
Uskayaw
Vehumet
Wu Jian
Xom
Yredelemnul
Zin
The Shining One

Shops:
D:6 ?   D:10 [   D:12 [   Orc:1 !?(((   Orc:2 }:??([*

Portals:
Trove: D:14 (give +5 demon whip)

Annotations:
D:7 3 runed translucent doors, vishdafish's ghost, novice TrFi


Innate Abilities, Weirdness & Mutations

((You revert to your normal form in water))
((You are very nimble and swift while swimming.))
((You are very stealthy in the water. (Stealth+)))
((You are partially covered in thin metallic scales. (AC +2)))
You are robust. (+10% HP)


Message History

You block the redback's attack.
SHROANNG!
The soldier ant stings you but does no damage.
Unknown command.
You hit the soldier ant. You freeze the soldier ant.
You block the wolf spider's attack.
SHROANNG!
You block the wolf spider's attack.
PANG!
The spark wasp is engulfed in poison gas.
The spark wasp looks as sick as possible!
The spark wasp stings you!!
* * * LOW HITPOINT WARNING * * *
The spark wasp shocks you. You resist.
* * * LOW HITPOINT WARNING * * *
The redback is engulfed in poison gas.
The redback looks even sicker.
You block the redback's attack.
SHROANNG!
Unknown command.
Really quaff
N - a potion of lignification {!q}?
Really quaff the potion of lignification?
You turn into a tree.
Your +2 cloak melds into your body.
Your +0 helmet melds into your body.
Your +2 pair of gloves melds into your body.
Your +0 pair of boots melds into your body.
Your +7 chain mail of poison resistance melds into your body.
You no longer feel resistant to poison.
Your roots penetrate the ground.
You block the wolf spider's attack.
GONNNNG!
The wolf spider bites you but does no damage.
The spark wasp is engulfed in poison gas.
The spark wasp looks as sick as possible!
The spark wasp bursts into living lightning!
The living lightning hits you! You resist.
* * * LOW HITPOINT WARNING * * *
The living lightning misses you.
The spark wasp blinks! x2
The redback is engulfed in poison gas.
The redback looks as sick as possible!
You kill the redback!
You block the soldier ant's attack.
GONNNNG!
The wolf spider hits you.
* * * LOW HITPOINT WARNING * * *
You block the wolf spider's attack.
GONNNNG!
The spark wasp looks as sick as possible!
The spark wasp stings you!
* * * LOW HITPOINT WARNING * * *
The spark wasp shocks you. You resist.
You die...
Your body crumbles into a pile of gold.

≈≈≈≈###....##..#####.#..#/..##
≈≈### ###..#....#..###..##..#
≈≈≈# #...#........#....≈#.#
#### #...###^..######^[.≈##
##..≈..........##..##
#.≈##...#......#...#
####^...#...##.#####
##..##s...### ####♣§.####
##^ay§§§..# #...#§§§§§##
#####§§§#§≈# ##§§§≈## #§§§##
#..≈≈# ##≈≈≈# ###≈#


You could see a spark wasp, a wolf spider and a soldier ant.

Vanquished Creatures
  Rupert (Spider:1)
  Gastronok (Lair:2)
  Kirke (Spider:1)
  A ghost moth (Spider:2)
  An emperor scorpion (Spider:2)
  4 entropy weavers
  A dire elephant (Lair:6)
  4 vault guards (D:13)
  8 hydras
  4 centaur warriors
  A death knight (D:11)
  A catoblepas (Lair:6)
  An ogre mage (D:15)
  13 two-headed ogres
  A deep troll shaman (Lair:6)
  4 death yaks (Lair:6)
  5 orc high priests (Orc:2)
  Urug (Lair:2)
  5 skeletal warriors
  2 unseen horrors
  A sea snake (shapeshifter) (D:15)
  Pikel (D:7)
  9 orb spiders
  9 orc knights
  2 deep elf magi
  A cyclops (D:14)
  3 manticores
  2 moths of wrath (Spider:2)
  22 wolf spiders
  18 ugly things
  21 elephants
  8 spiny frogs
  Maurice (Orc:2)
  2 black mambas
  2 guardian serpents (D:13)
  A black mamba (shapeshifter) (D:11)
  2 torpor snails
  A gargoyle (D:14)
  A rime drake (Lair:1)
  2 freezing wraiths
  5 komodo dragons
  5 demonic crawlers
  A yaktaur (D:11)
  A kobold demonologist (D:13)
  6 meliai
  A polar bear (Lair:6)
  A tyrant leech (shapeshifter) (D:15)
  8 trolls
  19 jumping spiders
  5 hornets
  A harpy skeleton (D:15)
  A snapping turtle (Lair:4)
  Prince Ribbit (D:5)
  A raiju (shapeshifter) (D:13)
  12 dream sheep (Lair:6)
  12 slime creatures
  9 blink frogs
  17 hippogriffs
  37 redbacks
  57 yaks
  2 shadows
  4 wyverns
  Sigmund (D:3)
  12 tarantellas
  A vampire (D:15)
  A hungry ghost (D:11)
  4 hogs (Spider:1)
  8 basilisks
  A vampire mosquito (D:11)
  A warg (D:15)
  An acid dragon (D:14)
  8 water moccasins
  10 porcupines
  35 orc warriors
  A black bear (shapeshifter) (D:15)
  2 ice beasts
  5 sky beasts
  2 slaves (D:7)
  3 boggarts (D:15)
  A hornet zombie (D:14)
  2 necrophages
  2 phantoms
  3 black bears
  13 ogres
  10 wolves
  7 centaurs
  2 big kobolds (D:10)
  14 crocodiles
  15 bullfrogs
  A wyvern zombie (D:6)
  A wyvern skeleton (D:12)
  6 scorpions
  15 killer bees
  3 electric eels
  3 howler monkeys
  A bullfrog zombie (D:9)
  6 centaur zombies
  8 crimson imps
  3 quasits
  2 bullfrog skeletons
  Crazy Yiuf (D:3)
  2 centaur skeletons
  15 jellies
  2 gnoll shamans
  31 orc priests
  9 hounds
  24 orc wizards
  4 iguanas
  16 worker ants
  4 hound zombies
  A hound skeleton (D:10)
  2 worker ant zombies
  12 adders
  12 gnolls
  5 shadow imps
  6 oozes
  An adder zombie (D:7)
  3 worms
  2 dart slugs
  3 leopard geckos
  92 orcs
  3 ball pythons
  9 bats
  3 giant cockroaches
  3 goblins
  8 hobgoblins
  6 jackals
  11 kobolds
  4 quokkas
  8 frilled lizards
  A leopard gecko skeleton (D:8)
  A quokka zombie (D:6)
  10 rats
903 creatures vanquished.

Vanquished Creatures (collateral kills)
  3 hydras
  The ghost of Esekla the Carver, a novice TeAK of Lugonu (Lair:1)
  A polar bear (Lair:6)
5 creatures vanquished.

Vanquished Creatures (others)
  4 centaur warriors
  A dancing weapon (Lair:1)
  A cyclops (D:14)
  A human (Spider:1)
  3 centaurs (D:15)
  10 fungi
  3 plants
23 creatures vanquished.

Grand Total: 931 creatures vanquished

Notes
Turn   | Place    | Note
-------+----------+-------------------------------------------
     0 | D:1      | MalarOregon the Merfolk Gladiator began the quest for the
                  | Orb.
     0 | D:1      | Reached XP level 1. HP: 16/16 MP: 1/1
    25 | D:1      | Reached XP level 2. HP: 20/23 MP: 2/2
   467 | D:1      | Reached XP level 3. HP: 21/28 MP: 3/3
   641 | D:1      | Reached skill level 5 in Polearms
  1461 | D:2      | Found a burning altar of Makhleb.
  1799 | D:3      | Reached XP level 4. HP: 29/34 MP: 4/4
  2038 | D:3      | Noticed Sigmund
  2047 | D:3      | Killed Sigmund
  2047 | D:3      | Reached skill level 6 in Polearms
  2047 | D:3      | Reached skill level 5 in Dodging
  2047 | D:3      | Reached XP level 5. HP: 42/42 MP: 5/5
  2093 | D:3      | Found a hazy altar of Hepliaklqana.
  2099 | D:3      | Reached XP level 6. HP: 46/48 MP: 6/6
  2120 | D:3      | Found an iron altar of Okawaru.
  2245 | D:3      | Found a runed translucent door.
  2246 | D:3      | Noticed Crazy Yiuf
  2338 | D:3      | Found a deep blue altar of Sif Muna.
  2340 | D:3      | Found a deep blue altar of Sif Muna.
  2340 | D:3      | Found an opulent altar of Gozag.
  2355 | D:3      | Found a shimmering altar of Xom.
  2355 | D:3      | Found a white marble altar of Elyvilon.
  2355 | D:3      | Found a shimmering altar of Xom.
  2507 | D:3      | Found a deep blue altar of Sif Muna.
  2780 | D:3      | Killed Crazy Yiuf
  2957 | D:4      | Found a hide-covered altar of Uskayaw.
  4103 | D:5      | Entered Level 5 of the Dungeon
  4133 | D:5      | Found a sparkling altar of Nemelex Xobeh.
  4286 | D:5      | Reached XP level 7. HP: 53/54 MP: 7/7
  4372 | D:5      | Found a glowing silver altar of Zin.
  4838 | D:5      | Reached skill level 7 in Polearms
  5096 | D:5      | Noticed Prince Ribbit
  5347 | D:5      | Found a staircase to the Ecumenical Temple.
  6367 | Temple   | Entered the Ecumenical Temple
  6436 | Temple   | Became a worshipper of Gozag Ym Sagoz the Greedy
  6515 | D:6      | Reached skill level 5 in Fighting
  6816 | D:6      | Reached XP level 8. HP: 58/62 MP: 8/8
  7072 | D:6      | Found a snail-covered altar of Cheibriados.
  7105 | D:6      | Identified a scroll of acquirement
  7175 | D:6      | Reached skill level 8 in Polearms
  7175 | D:6      | Reached skill level 5 in Throwing
  7919 | D:6      | Reached skill level 9 in Polearms
  7924 | D:6      | Found a deep blue altar of Sif Muna.
  7925 | D:6      | Noticed a two-headed ogre
  8281 | D:5      | Killed Prince Ribbit
  8281 | D:5      | Reached XP level 9. HP: 71/71 MP: 9/9
  8369 | D:5      | Found a sparkling altar of Nemelex Xobeh.
  8415 | D:5      | Found a glowing silver altar of Zin.
  8478 | D:5      | Found a staircase to the Ecumenical Temple.
  8914 | D:6      | Found an ornate altar of the Wu Jian Council.
  9547 | D:6      | Found Poak's Magic Scroll Boutique.
 10093 | D:6      | Bought a scroll of remove curse for 42 gold pieces
 10152 | D:6      | Reached skill level 10 in Polearms
 10273 | D:6      | Found Poak's Magic Scroll Boutique.
 10287 | D:6      | Found a deep blue altar of Sif Muna.
 10437 | D:6      | Found an ornate altar of the Wu Jian Council.
 10513 | D:6      | Found a snail-covered altar of Cheibriados.
 10612 | D:6      | Killed a two-headed ogre
 10612 | D:6      | Reached skill level 10 in Dodging
 11305 | D:7      | Found a runed translucent gate.
 11305 | D:7      | Found a runed translucent gate.
 11305 | D:7      | Found a runed translucent gate.
 11307 | D:7      | Noticed vishdafish's ghost (novice TrFi)
 11307 | D:7      | Identified the +3 short sword of the Secret Shrikes {drain,
                  | *Noise +Blink Str+3 Dex+7}
 11309 | D:7      | Noticed a kobold demonologist
 11697 | D:8      | Reached XP level 10. HP: 75/83 MP: 10/10
 11698 | D:8      | Noticed a green ugly thing
 11708 | D:8      | Killed a green ugly thing
 11708 | D:8      | Reached skill level 10 in Fighting
 11728 | D:8      | Noticed a two-headed ogre
 11742 | D:8      | Noticed Pikel
 11753 | D:7      | Killed a two-headed ogre
 11753 | D:7      | Reached skill level 11 in Polearms
 12255 | D:7      | Killed Pikel
 12255 | D:7      | Reached skill level 12 in Polearms
 12531 | D:8      | Reached skill level 13 in Polearms
 12620 | D:8      | Found a shattered altar of Ashenzari.
 13174 | D:9      | Reached skill level 14 in Polearms
 13245 | D:9      | Noticed a two-headed ogre
 13259 | D:9      | Killed a two-headed ogre
 13259 | D:9      | Reached skill level 15 in Polearms
 13259 | D:9      | Reached XP level 11. HP: 77/92 MP: 11/11
 13289 | D:9      | Found a glowing golden altar of the Shining One.
 13454 | D:9      | Reached skill level 16 in Polearms
 13499 | D:9      | Reached skill level 1 in Armour
 13981 | D:9      | Found a radiant altar of Vehumet.
 14254 | D:10     | Entered Level 10 of the Dungeon
 14272 | D:10     | Killed an unseen horror
 14451 | D:10     | Noticed a two-headed ogre
 14465 | D:10     | Killed a two-headed ogre
 14991 | D:10     | Found Ligog's Armour Shoppe.
 15542 | D:11     | Noticed a cyan ugly thing
 15548 | D:11     | Noticed a red ugly thing
 15574 | D:10     | Killed a cyan ugly thing
 15583 | D:10     | Killed a purple ugly thing
 15583 | D:10     | Reached XP level 12. HP: 68/102 MP: 12/12
 15756 | D:11     | Found a staircase to the Lair.
 15991 | D:11     | Noticed a two-headed ogre
 16230 | D:10     | Killed a two-headed ogre
 17192 | D:11     | Noticed a two-headed ogre
 17201 | D:11     | Killed a two-headed ogre
 17338 | D:11     | Noticed a death knight
 17694 | D:11     | Killed a death knight
 17717 | D:11     | Reached skill level 1 in Evocations
 18505 | Lair:1   | Entered Level 1 of the Lair of Beasts
 18935 | Lair:1   | Found a runed translucent door.
 18935 | Lair:1   | Found a shimmering altar of Xom.
 18935 | Lair:1   | Noticed Esekla's ghost (novice TeAK)
 19530 | Lair:1   | Killed Esekla's ghost
 19530 | Lair:1   | Reached skill level 5 in Evocations
 19541 | Lair:1   | Reached skill level 1 in Spellcasting
 19878 | Lair:2   | Noticed Gastronok
 19892 | Lair:2   | Killed Gastronok
 19892 | Lair:2   | Reached XP level 13. HP: 101/113 MP: 16/18
 20093 | Lair:2   | Reached skill level 5 in Spellcasting
 20383 | Lair:2   | Noticed Urug
 20402 | Lair:2   | Killed Urug
 22557 | Lair:4   | Found a hole to the Spider Nest.
 23139 | Lair:4   | Found a staircase to the Shoals.
 23697 | Lair:5   | Found a staircase to the Slime Pits.
 23795 | Lair:5   | Reached XP level 14. HP: 121/121 MP: 23/23
 23840 | Lair:5   | Reached skill level 15 in Fighting
 24326 | Lair:6   | Entered Level 6 of the Lair of Beasts
 24346 | Lair:5   | Reached skill level 5 in Armour
 26077 | Lair:6   | Noticed a dire elephant
 26102 | Lair:6   | Killed a dire elephant
 26106 | Lair:6   | Got a crude golden amulet
 26766 | D:11     | Learned a level 5 spell: Agony
 26772 | D:11     | Learned a level 5 spell: Dispel Undead
 26778 | D:11     | Learned a level 5 spell: Excruciating Wounds
 26785 | D:11     | Identified the amulet of Revawig {Reflect -Tele rElec rF++
                  | Int+2 SH+4} (You found it on level 6 of the Lair of Beasts)
 27100 | D:12     | Found Ehet's Armour Shop.
 27287 | D:12     | Found a staircase to the Orcish Mines.
 27519 | D:12     | Bought the +18 shield of the Gong {rElec rN+ MR+ EV-5} for
                  | 1459 gold pieces
 27519 | D:12     | Found the +18 shield of the Gong {rElec rN+ MR+ EV-5}
 28006 | Orc:1    | Entered Level 1 of the Orcish Mines
 28019 | Orc:1    | Found Dieconoj's Antique Weapon Emporium.
 28234 | Orc:1    | Found Peilawn's Antique Weapon Emporium.
 28243 | Orc:1    | Bought the +4 dagger "Morg" {pain, MR+ Int+5} for 1827 gold
                  | pieces
 28243 | Orc:1    | Found the +4 dagger "Morg" {pain, MR+ Int+5}
 28433 | Orc:2    | Entered Level 2 of the Orcish Mines
 28433 | Orc:2    | Noticed Maurice
 28451 | Orc:2    | Killed Maurice
 28451 | Orc:2    | Reached skill level 1 in Shields
 28457 | Orc:2    | Reached XP level 15. HP: 129/129 MP: 27/27
 28652 | Orc:2    | Found a staircase to the Elven Halls.
 28688 | Orc:2    | Found Vibis's Book Emporium.
 28864 | Orc:2    | Found Yceat's Magic Scroll Shoppe.
 28890 | Orc:2    | Bought a scroll of identify for 22 gold pieces
 28890 | Orc:2    | Bought a scroll of fear for 38 gold pieces
 28890 | Orc:2    | Bought a scroll of identify for 22 gold pieces
 28890 | Orc:2    | Bought a scroll of teleportation for 33 gold pieces
 28890 | Orc:2    | Bought a scroll of remove curse for 33 gold pieces
 28890 | Orc:2    | Bought a scroll of identify for 22 gold pieces
 28890 | Orc:2    | Bought a scroll of remove curse for 33 gold pieces
 28890 | Orc:2    | Bought a scroll of identify for 22 gold pieces
 28899 | Orc:2    | Found Cyumomib's Magic Scroll Emporium.
 28907 | Orc:2    | Bought a scroll of enchant weapon for 97 gold pieces
 28907 | Orc:2    | Bought a scroll of enchant weapon for 97 gold pieces
 28907 | Orc:2    | Bought a scroll of remove curse for 39 gold pieces
 28907 | Orc:2    | Bought a scroll of identify for 26 gold pieces
 28907 | Orc:2    | Bought a scroll of enchant armour for 97 gold pieces
 28907 | Orc:2    | Bought 3 scrolls of identify for 78 gold pieces
 28907 | Orc:2    | Bought a scroll of identify for 26 gold pieces
 29048 | Orc:2    | Found Tatiumi's Magic Scroll Shop.
 29056 | Orc:2    | Bought a scroll of enchant weapon for 97 gold pieces
 29512 | Orc:2    | Gained mutation: Armour fits poorly on your strangely
                  | shaped body. [a neqoxec]
 29800 | Orc:2    | Reached skill level 5 in Shields
 29806 | Orc:2    | Found Topiu's Gadget Shop.
 30377 | Orc:2    | Bought a wand of acid (6) for 260 gold pieces
 30430 | Orc:2    | Found Xepsogh's Armour Emporium.
 30433 | Orc:2    | Found Qaerant's Assorted Antiques.
 30434 | Orc:2    | Found Cown's Weapon Emporium.
 30435 | Orc:2    | Found Womany's Jewellery Emporium.
 30439 | Orc:2    | Bought a scroll of enchant weapon for 217 gold pieces
 30439 | Orc:2    | Bought a ruby ring for 145 gold pieces
 30439 | Orc:2    | Bought a potion of curing for 87 gold pieces
 30439 | Orc:2    | Bought a scroll labeled ANACRIOBBIKHU for 29 gold pieces
 30439 | Orc:2    | Bought a scroll of enchant armour for 217 gold pieces
 30439 | Orc:2    | Bought a jade ring for 145 gold pieces
 30439 | Orc:2    | Bought a scroll of brand weapon for 580 gold pieces
 30552 | Orc:1    | Found Buazxy's Magic Scroll Emporium.
 30552 | Orc:1    | Found Quozid's Antique Weapon Shop.
 30948 | Orc:1    | Bought a scroll of enchant armour for 112 gold pieces
 30948 | Orc:1    | Bought a scroll of teleportation for 45 gold pieces
 30948 | Orc:1    | Bought a scroll of teleportation for 45 gold pieces
 30990 | Orc:1    | Found Iqoagy's Distillery.
 31093 | Orc:1    | Lost mutation: Armour fits poorly on your strangely shaped
                  | body. [potion of mutation]
 31093 | Orc:1    | Gained mutation: You are partially covered in thin metallic
                  | scales. (AC +2) [potion of mutation]
 31093 | Orc:1    | Gained mutation: You are robust. (+10% HP) [potion of
                  | mutation]
 31625 | D:13     | Found a gate to the Vaults.
 32688 | D:13     | Found a gate to the Vaults.
 33446 | D:13     | Reached skill level 10 in Shields
 33935 | D:14     | Reached XP level 16. HP: 149/149 MP: 28/28
 34460 | D:14     | Found a portal to a secret trove of treasure.
 34617 | Orc:1    | Bought a glowing demon whip for 468 gold pieces
 34698 | D:15     | Entered Level 15 of the Dungeon
 35730 | D:15     | Found a staircase to the Depths.
 36244 | Spider:1 | Entered Level 1 of the Spider Nest
 36344 | Spider:1 | Noticed Kirke
 36390 | Spider:1 | Killed Kirke
 36868 | Spider:1 | Identified the +9 rapier "Woyhuezihi" {flame, rC+ SInv}
                  | (You found it on level 1 of the Spider Nest)
 37289 | Spider:1 | Noticed Rupert
 37302 | Spider:1 | Killed Rupert
 37400 | Spider:2 | Reached skill level 15 in Shields
 37426 | Spider:2 | Reached skill level 1 in Necromancy
 37426 | Spider:2 | Reached XP level 17. HP: 41/156 MP: 29/29
 37995 | Spider:2 | Reached skill level 5 in Necromancy
 38327 | Spider:2 | Got a spiked ring mail
 38618 | Spider:2 | Identified the +1 ring mail "Irhoong" {+Blink rF++ MR-}
                  | (You found it on level 2 of the Spider Nest)
 39259 | Spider:2 | HP: 3/234 [spark wasp (9)]
 39259 | Spider:2 | Slain by a spark wasp

Skill      XL: |  1  2  3  4  5  6  7  8  9 10 11 12 13 14 15 16 17 |
---------------+----------------------------------------------------+-----
Polearms       | 5 6 7 9 10 15 16 | 16.0
Fighting       | 3 4 5 6 9 10 12 14 15 | 15.0
Throwing       | 3 4 5 6 7 |  7.0
Dodging        | 5 6 8 10 14 | 14.0
Armour         | 4 6 |  6.0
Evocations     | 5 8 |  8.0
Spellcasting   | 3 6 8 |  8.0
Shields        | 1 10 15 | 15.0
Necromancy     | 1 7 |  7.0

Action                   |  1- 3 |  4- 6 |  7- 9 | 10-12 | 13-15 | 16-18 || total
-------------------------+-------+-------+-------+-------+-------+-------++-------
Melee: Trident           |   147 |   105 |   548 |       |  1002 |  1059 ||  2861
       Halberd           |       |       |   141 |   906 |   957 |       ||  2004
       Tailslap          |       |       |       |    12 |     9 |    38 ||    59
       Unarmed           |       |       |       |       |       |     4 ||     4
Throw: Stone             |     4 |    58 |    62 |     5 |       |       ||   129
       Throwing net      |       |     2 |     2 |       |       |       ||     4
       Javelin           |       |       |       |       |       |     3 ||     3
Evoke: Wand              |       |       |       |    17 |    26 |     9 ||    52
       Box of beasts     |       |       |       |     2 |     4 |       ||     6
  Use: Scroll            |     4 |     6 |     4 |     8 |    28 |     3 ||    53
       Potion            |       |     1 |     6 |     3 |     4 |     5 ||    19
 Stab: Sleeping          |     1 |     1 |       |     2 |       |       ||     4
       Held in net/web   |       |     2 |       |       |       |       ||     2
       Distracted        |       |       |       |     7 |    20 |     7 ||    34
  Eat: Chunk             |     3 |     7 |     8 |       |       |       ||    18
       Ration            |       |       |     5 |     8 |    14 |     5 ||    32
Armor: Leather armour    |    25 |    17 |   107 |   199 |       |       ||   348
       Skin              |       |     4 |    17 |       |       |     1 ||    22
       Chain mail        |       |       |       |    52 |   691 |   248 ||   991
Dodge: Dodged            |    76 |    46 |   443 |   604 |   561 |   117 ||  1847
Block: Shield            |       |       |       |       |   874 |  1173 ||  2047
       Other             |       |       |       |       |    11 |     5 ||    16
       Reflection        |       |       |       |       |    61 |    25 ||    86
